 Dungeon Crawl Stone Soup version 0.28-a0-265-g048bc9fd10 (webtiles) character file.

Game seed: 18312250885927017713

17598 theanonym the Carver (level 12, -2/100 HPs)
             Began as a Mummy Delver on Aug 27, 2021.
             Was an Initiate of Gozag.
             Slain by a tentacled starspawn (15 damage)
             ... on level 2 of the Abyss.
             The game lasted 00:20:58 (16090 turns).

theanonym the Carver (Mummy Delver)                Turns: 16090, Time: 00:20:58

Health: -2/100     AC: 32    Str: 27    XL:     12   Next: 20%
Magic:  12/12      EV:  5    Int: 13    God:    Gozag
Gold:   1218       SH:  5    Dex: 13    Spells: 11/11 levels left

rFire   x . .      SeeInvis .   a - +9 scimitar "Ozerch" {freeze, Int+4}
rCold   + . .      Faith    .   e - +0 buckler
rNeg    + + +      Spirit   .   l - +0 crystal plate armour
rPois   ∞          Reflect  .   q - +2 helmet
rElec   .          Harm     .   j - +2 cloak {Will+}
rCorr   .          Rampage  .   n - +2 pair of gloves
Will    ++...                   b - +2 pair of boots
Stlth   ..........              (no amulet)
HPRegen 0.26/turn               o - +6 ring of strength
MPRegen 0.13/turn               (no ring)

@: studying 2 skills
A: cold resistance 1, negative energy resistance 3, torment resistance 2, heat
vulnerability 1, no potions
a: Renounce Religion, Potion Petition, Call Merchant, Bribe Branch


Innate Abilities, Weirdness & Mutations

You are immune to poison.
Your flesh is cold resistant. (rC+)
You are immune to negative energy. (rN+++)
You are immune to unholy pain and torment.
You are vulnerable to heat. (rF-)
You do not drink.


   Skills:
 + Level 11.0 Fighting
 * Level 12.4 Long Blades
 - Level 1.7 Maces & Flails
 + Level 7.5 Armour
 - Level 1.5 Dodging
 - Level 4.1 Stealth
 - Level 4.0 Shields


You had 11 spell levels left.
You didn't know any spells.
Your spell library contained the following spells:

 Spells                   Type           Power      Damage    Failure   Level
 Gell's Gravitas          Tloc           0%         N/A       100%        3
 Lesser Beckoning         Tloc           0%         N/A       100%        3
 Teleport Other           Tloc           0%         N/A       100%        3
 Passage of Golubria      Tloc           N/A        N/A       100%        4
 Silence                  Hex/Air        0%         N/A       100%        5
 Conjure Ball Lightning   Conj/Air       0%         3x3d6     100%        6
 Discord                  Hex            0%         N/A       100%        8
 Disjunction              Tloc           0%         N/A       100%        8
 Lehudib's Crystal Spear  Conj/Erth      0%         10d2      100%        8

Skill      XL: |  1  2  3  4  5  6  7  8  9 10 11 12 |
---------------+-------------------------------------+-----
Long Blades    | 1 2 3 4 6 7 9 10 12 | 12.4
Fighting       | 4 5 6 7 8 9 10 11 | 11.0
Shields        | 1 3 4 |  4.0
Armour         | 3 6 7 |  7.5
Maces & Flails | |  1.7
Dodging        | |  1.5
Stealth        | |  4.1

Action                   |  1- 3 |  4- 6 |  7- 9 | 10-12 || total
-------------------------+-------+-------+-------+-------++-------
Melee: Scimitar          |    46 |    81 |   154 |   411 ||   692
Throw: Throwing net      |       |       |     2 |     4 ||     6
       Javelin           |       |       |       |    11 ||    11
Invok: Potion Petition   |       |       |       |     3 ||     3
Evoke: Wand              |       |       |       |     1 ||     1
  Use: Scroll            |     2 |     3 |     7 |    14 ||    26
 Stab: Sleeping          |     3 |     3 |       |       ||     6
       Held in net/web   |       |       |     3 |     1 ||     4
       Distracted        |       |       |       |     3 ||     3
Armor: Leather armour    |    19 |     6 |       |       ||    25
       Chain mail        |       |    25 |    95 |    46 ||   166
       Plate armour      |       |       |       |   142 ||   142
       Crystal plate arm |       |       |       |   211 ||   211
Dodge: Dodged            |    26 |    32 |    42 |   138 ||   238
Block: Buckler           |       |       |    19 |    73 ||    92

Inventory:

Hand Weapons
 a - the +9 scimitar "Ozerch" (weapon) {freeze, Int+4}

   It freezes those it strikes, dealing additional cold damage.
   It can also slow down cold-blooded creatures.
   Int:       It affects your intelligence (+4).
Missiles
 d - 10 javelins (quivered)
Armour
 b - a +2 pair of boots (worn)
 e - a +0 buckler (worn)
 j - a +2 cloak of willpower (worn)
 l - a +0 crystal plate armour (worn)
 n - a +2 pair of gloves (worn)
 q - a +2 helmet (worn)
Jewellery
 m - a ring of protection from cold
 o - a +6 ring of strength (left hand)
Wands
 c - a wand of digging (9)
 s - a wand of iceblast (2)
Scrolls
 f - a scroll of fog
 g - 2 scrolls of enchant armour
 h - 2 scrolls of silence
 i - a scroll of enchant weapon
 k - 2 scrolls of immolation
 p - a scroll of noise
 r - 2 scrolls of identify
 t - 2 scrolls of teleportation
 y - a scroll of magic mapping


You were on level 2 of the Abyss.
You worshipped Gozag.
Gozag was most pleased with you.
You visited 3 branches of the dungeon, and saw 12 of its levels.
You visited the Abyss 1 time.
You also visited: Bailey and Volcano.

You collected 2639 gold pieces.
You spent 60 gold pieces at shops.
You paid 1361 gold pieces to Gozag.

Dungeon Overview and Level Annotations

Branches:
Dungeon (10/15)            Temple (1/1) D:5            Lair (0/6) D:9
    Orc (1/2) D:9          Bailey (visited)         Volcano (visited)

Altars:
Ashenzari
Cheibriados
Dithmenos
Elyvilon
Fedhas
Gozag
Hepliaklqana
Kikubaaqudgha
Makhleb
Nemelex Xobeh
Okawaru
Qazlal
Ru
Sif Muna
Trog
Uskayaw
Vehumet
Wu Jian
Xom
Yredelemnul
Zin
The Shining One

Shops:
D:2 ?

Annotations:
D:9 2 runed translucent doors, NigelTetley's ghost, novice DECj
D:10 exclusion: 3 oklob plants

.# .. #. #### .
...# .# ..# #Λ#
##.#X# #..@w#
#........#
...####.###w─.#
.#.#. ..# #...
#... ##.# # ##
.. . .#. # ...#


You could see a tentacled starspawn and 2 starspawn tentacles.

Notes
Turn   | Place    | Note
-------+----------+-------------------------------------------
     0 | D:5      | theanonym the Mummy Delver began the quest for the Orb.
     0 | D:5      | Reached XP level 1. HP: 18/18 MP: 1/1
    34 | D:5      | Identified the +9 scimitar "Ozerch" {freeze, Int+4}
    36 | D:5      | Noticed an ice beast
   148 | D:2      | Reached XP level 2. HP: 24/24 MP: 2/2
   182 | D:1      | Reached skill level 1 in Long Blades
   460 | D:1      | Reached XP level 3. HP: 24/29 MP: 3/3
   771 | D:2      | Found Enech's Magic Scroll Shop.
   780 | D:2      | Bought a scroll of identify for 24 gold pieces
  1057 | D:2      | Noticed Natasha
  1071 | D:2      | Killed Natasha
  1072 | D:2      | Reached skill level 2 in Long Blades
  1177 | D:2      | Reached XP level 4. HP: 37/37 MP: 4/4
  1436 | D:2      | Noticed Natasha
  1443 | D:2      | Killed Natasha
  1485 | D:2      | Found a runed translucent door.
  1486 | D:2      | Noticed Crazy Yiuf
  1718 | D:2      | Killed Crazy Yiuf
  1719 | D:2      | Reached skill level 4 in Fighting
  1719 | D:2      | Reached skill level 3 in Long Blades
  1884 | D:2      | Found Enech's Magic Scroll Shop.
  1899 | D:2      | Noticed Natasha
  1904 | D:2      | Killed Natasha
  1905 | D:2      | Reached XP level 5. HP: 35/42 MP: 5/5
  1923 | D:2      | Bought a scroll of teleportation for 36 gold pieces
  2018 | D:3      | Noticed Grinder
  2030 | D:3      | Killed Grinder
  2031 | D:3      | Reached skill level 4 in Long Blades
  2031 | D:3      | Reached XP level 6. HP: 34/50 MP: 6/6
  2557 | D:3      | Reached skill level 5 in Fighting
  2868 | D:4      | HP: 25/51 [kobold (4)]
  3075 | D:4      | Found a transporter.
  3076 | D:4      | Noticed sn0wgr3's ghost (amateur MiFi)
  3085 | D:4      | Found a transporter.
  3123 | D:4      | Found a hide-covered altar of Uskayaw.
  3437 | D:4      | Reached XP level 7. HP: 56/56 MP: 7/7
  3603 | D:5      | Reached skill level 5 in Long Blades
  3737 | D:5      | Found a staircase to the Ecumenical Temple.
  3743 | Temple   | Entered the Ecumenical Temple
  3902 | Temple   | Became a worshipper of Gozag Ym Sagoz the Greedy
  4379 | D:6      | Reached skill level 1 in Shields
  4393 | D:6      | Noticed a two-headed ogre
  4882 | D:6      | Reached skill level 6 in Fighting
  4882 | D:6      | Reached skill level 6 in Long Blades
  4882 | D:6      | Reached XP level 8. HP: 59/64 MP: 8/8
  5165 | D:6      | Killed a two-headed ogre
  5166 | D:6      | Reached skill level 7 in Long Blades
  5166 | D:6      | Reached skill level 2 in Shields
  5613 | D:7      | Reached skill level 3 in Shields
  5734 | D:7      | Reached skill level 7 in Fighting
  6003 | D:7      | Reached XP level 9. HP: 72/72 MP: 9/9
  6879 | D:8      | Noticed Harold
  7114 | D:8      | Reached skill level 8 in Long Blades
  7126 | D:8      | Reached skill level 4 in Shields
  7137 | D:8      | Reached skill level 8 in Fighting
  7357 | D:8      | Reached skill level 9 in Long Blades
  7410 | D:8      | Noticed a gargoyle
  7418 | D:8      | HP: 24/74 [Harold (14)]
  8026 | D:7      | Reached XP level 10. HP: 46/82 MP: 10/10
  8287 | D:8      | Killed a gargoyle
  8369 | D:8      | Killed Harold
  8664 | D:9      | Found a flagged portal.
  8682 | Bailey   | Entered a bailey
  8705 | Bailey   | HP: 40/82 [centaur/javelin (4)]
  8708 | Bailey   | Reached skill level 9 in Fighting
  8717 | Bailey   | HP: 30/83 [orc (3)]
  8748 | Bailey   | HP: 36/83 [orc (1)]
  9092 | Bailey   | Reached skill level 10 in Long Blades
  9642 | Bailey   | Reached skill level 1 in Armour
  9822 | Bailey   | HP: 33/83 [centaur/javelin (12)]
  9824 | Bailey   | HP: 16/83 [centaur/javelin (4)]
 10138 | Bailey   | HP: 34/83 [centaur/javelin (9)]
 10142 | Bailey   | HP: 15/83 [centaur/javelin (4)]
 10144 | Bailey   | HP: 5/83 [orc warrior (10)]
 10961 | Bailey   | HP: 39/83 [centaur/javelin (9)]
 10971 | Bailey   | HP: 31/83 [centaur/javelin (2)]
 10973 | Bailey   | HP: 14/83 [centaur/javelin (7)]
 11027 | Bailey   | HP: 10/83 [orc warrior (11)]
 11856 | Bailey   | Reached skill level 2 in Armour
 12191 | D:9      | Found a staircase to the Orcish Mines.
 12278 | D:9      | Noticed a two-headed ogre
 12295 | D:9      | Killed a two-headed ogre
 12296 | D:9      | Reached skill level 3 in Armour
 12296 | D:9      | Reached XP level 11. HP: 88/90 MP: 11/11
 12568 | D:9      | Reached skill level 11 in Long Blades
 12568 | D:9      | Reached skill level 4 in Armour
 12591 | D:9      | Reached skill level 10 in Fighting
 12854 | D:9      | Found a large runed translucent door.
 12854 | D:9      | Found a large runed translucent door.
 12855 | D:9      | Noticed NigelTetley's ghost (novice DECj)
 12991 | D:9      | Found a staircase to the Lair.
 13172 | D:10     | Entered Level 10 of the Dungeon
 13327 | D:10     | Noticed an oklob plant
 13332 | D:10     | Noticed an oklob plant
 13579 | D:10     | Reached skill level 5 in Armour
 14076 | D:10     | Noticed an oklob plant
 14199 | D:10     | Paralysed by a floating eye for 3 turns
 14760 | D:4      | Killed sn0wgr3's ghost
 14927 | Orc:1    | Entered Level 1 of the Orcish Mines
 15033 | Orc:1    | Noticed an orc sorcerer
 15043 | Orc:1    | Killed an orc sorcerer
 15312 | Orc:1    | Found a dark tunnel.
 15320 | Volcano  | Entered a volcano
 15339 | Volcano  | Reached skill level 6 in Armour
 15405 | Volcano  | Noticed a wizard
 15416 | Volcano  | Cast into level 2 of the Abyss (a wizard)
 15416 | Abyss:2  | Found a corrupted altar of Lugonu.
 15442 | Abyss:2  | Found a corrupted altar of Lugonu.
 15453 | Abyss:2  | Found a corrupted altar of Lugonu.
 15473 | Abyss:2  | Found a corrupted altar of Lugonu.
 15497 | Abyss:2  | Noticed a large abomination
 15507 | Abyss:2  | HP: 32/92 [large abomination (24)]
 15511 | Abyss:2  | HP: 4/92 [large abomination (16)]
 15513 | Abyss:2  | Killed a large abomination
 15514 | Abyss:2  | Reached skill level 12 in Long Blades
 15537 | Abyss:2  | Noticed a wretched star
 15540 | Abyss:2  | HP: 10/92 [wretched star/lance of force (1)]
 15548 | Abyss:2  | Killed a wretched star
 15636 | Abyss:2  | Reached XP level 12. HP: 36/99 MP: 12/12
 15734 | Abyss:2  | Reached skill level 7 in Armour
 15834 | Abyss:2  | Noticed a rakshasa
 15846 | Abyss:2  | Killed a rakshasa
 15846 | Abyss:2  | HP: 44/99 [rakshasa collision (11)]
 15852 | Abyss:2  | HP: 31/99 [something (9)]
 15857 | Abyss:2  | Killed a ghost moth
 15858 | Abyss:2  | Reached skill level 11 in Fighting
 15858 | Abyss:2  | HP: 25/100 [iron imp/stone (1)]
 15955 | Abyss:2  | HP: 44/100 [quasit (1)]
 16081 | Abyss:2  | Noticed a tentacled starspawn
 16087 | Abyss:2  | HP: 44/100 [tentacled starspawn (17)]
 16089 | Abyss:2  | HP: 17/100 [tentacled starspawn (16)]
 16090 | Abyss:2  | Slain by a tentacled starspawn

Vanquished Creatures
  A ghost moth (Abyss:2)
  Harold (D:8)
  2 two-headed ogres
  A large abomination (Abyss:2)
  A wretched star (Abyss:2)
  A manticore (D:10)
  An orc sorcerer (Orc:1)
  2 cyclopes (Volcano)
  A salamander (Volcano)
  A smoke demon (Abyss:2)
  An orange demon (Abyss:2)
  2 gargoyles
  The ghost of sn0wgr3 the Covered, an amateur MiFi (D:4)
  2 trolls
  Grinder (D:3)
  A hornet (D:9)
  2 shadows (D:9)
  A vampire (D:9)
  12 yaks
  A neqoxec (Abyss:2)
  4 steam dragons
  A warg (Orc:1)
  2 acid dragons (D:10)
  2 water moccasins
  12 orc warriors
  A black bear (D:6)
  An ice beast (D:5)
  A necrophage (D:6)
  2 ogres (Orc:1)
  A hornet zombie (D:8)
  A small abomination (Abyss:2)
  10 centaurs
  3 kobold brigands
  A phantom (D:9)
  3 bullfrogs (D:7)
  A wyvern zombie (D:7)
  2 scorpions
  A water moccasin skeleton (D:5)
  A troll zombie (D:9)
  4 wights
  3 killer bees (D:9)
  3 howler monkeys (D:8)
  6 centaur zombies
  A quasit (Abyss:2)
  3 orc priests
  A centaur skeleton (D:7)
  A hound (D:6)
  An iron imp (Abyss:2)
  A bullfrog skeleton (D:5)
  Crazy Yiuf (D:2)
  A gnoll shaman (D:8)
  Natasha (thrice) (D:2)
  3 orc wizards
  5 ogre zombies (D:9)
  A hound skeleton (D:4)
  3 howler monkey zombies
  A howler monkey skeleton (D:4)
  4 gnolls (D:8)
  6 adders
  A shadow imp (D:7)
  2 white imps
  2 ufetubi
  An adder skeleton (D:4)
  2 worms
  3 dart slugs
  36 orcs
  3 bats
  9 endoplasms
  A giant cockroach (D:1)
  9 goblins
  6 hobgoblins
  3 jackals (D:3)
  18 kobolds
  4 quokkas
  3 ball pythons
  3 frilled lizards
  2 goblin skeletons (D:9)
  2 goblin zombies (D:9)
  A hobgoblin zombie (D:9)
  5 orc skeletons (D:9)
  9 orc zombies (D:9)
  3 rats
  A starspawn tentacle (Abyss:2)
267 creatures vanquished.

Vanquished Creatures (others)
  A rakshasa (Abyss:2)
  A ynoxinul (Abyss:2)
2 creatures vanquished.

Grand Total: 269 creatures vanquished

Table legend: (Time is in decaauts)
 A = Elapsed time spent in this place.
 B = Non-inter-level travel time spent in this place.
 C = Inter-level travel time spent in this place.
 D = Time resting spent in this place.
 E = Time spent auto-exploring this place.
 F = Levels seen in this place.
 G = Mean time per level.
                   A        B        C        D        E       F      G
               +--------+--------+--------+--------+--------+-----+--------+
         Total |  16079 |  15064 |   1015 |   4633 |   8020 |  15 | 1071.9 |
       Dungeon |  11445 |  10519 |    926 |   2276 |   6946 |  10 | 1144.5 |
        Temple |    174 |    137 |     37 |      0 |    135 |   1 |  174.0 |
  Orcish Mines |    390 |    338 |     52 |      5 |    287 |   1 |  390.0 |
         Abyss |    641 |    641 |      0 |    469 |     56 |   1 |  641.0 |
        Bailey |   3336 |   3336 |      0 |   1869 |    582 |   1 | 3336.0 |
       Volcano |     91 |     91 |      0 |     13 |     14 |   1 |   91.0 |
               +--------+--------+--------+--------+--------+-----+--------+

Top non-repeatable levels by time:
  Bailey: 3336 daAuts
     D:7: 1946 daAuts
    D:10: 1451 daAuts
     D:2: 1282 daAuts
     D:6: 1218 daAuts
     D:9: 1218 daAuts
     D:8: 1206 daAuts
     D:3: 930 daAuts
     D:4: 925 daAuts
     D:5: 720 daAuts
 Abyss:2: 641 daAuts
     D:1: 545 daAuts
   Orc:1: 390 daAuts
  Temple: 174 daAuts
 Volcano: 91 daAuts
